 Dungeon Crawl Stone Soup version 0.27.0-1-g7a089689b8 (webtiles) character file.

Game seed: 4626316922762147852

15 hawla the Sneak (level 2, 0/18 HPs)
             Began as a Deep Elf Delver on Aug 8, 2021.
             Succumbed to an adder's poison
             ... in a sewer.
             The game lasted 00:01:31 (390 turns).

hawla the Sneak (Deep Elf Delver)                    Turns: 390, Time: 00:01:31

Health: 0/18       AC:  3    Str:  9    XL:     2   Next: 34%
Magic:  4/4        EV: 12    Int: 14    God:
Gold:   0          SH:  0    Dex: 16    Spells: 1/1 levels left

rFire    . . .     SeeInvis .   a - +0 short sword
rCold    . . .     Faith    .   (no shield)
rNeg     . . .     Spirit   .   b - +0 leather armour
rPois    .         Reflect  .   (no helmet)
rElec    .         Harm     .   (no cloak)
rCorr    .         Rampage  .   (no gloves)
Will     .....                  (no boots)
Stlth    ++........             (no amulet)
HPRegen  0.06/turn              (no ring)
MPRegen  0.09/turn              (no ring)

@: lethally poisoned (0 -> -10), very slow
A: no striking features
a: no special abilities


You were in a sewer.
You visited 1 branch of the dungeon, and saw 2 of its levels.
You also visited: Sewer.

Inventory:

Hand Weapons
 a - a +0 short sword (weapon)
Armour
 b - a +0 leather armour (worn)
Wands
 g - a wand of digging (3)
Scrolls
 c - a scroll of fog
 e - a scroll of fear
Potions
 f - a potion of haste


   Skills:
 + Level 2.5 Fighting
 + Level 2.1 Short Blades
 + Level 2.4 Dodging
 + Level 6.6 Stealth


You had one spell level left.
You didn't know any spells.
Your spell library was empty.

Dungeon Overview and Level Annotations

Branches:
Dungeon (5/15)              Sewer (1/1)
 Temple: D:4-7

Altars:


Message History

Things that are here:
a giant cockroach corpse; a frilled lizard corpse You enter the shallow water.
Moving in this stuff is going to be slow.
You enter the shallow water.
Moving in this stuff is going to be slow.
You enter the shallow water.
Moving in this stuff is going to be slow.
A frilled lizard comes into view.
You hit the frilled lizard.
The frilled lizard is heavily wounded.
The frilled lizard bites you.
You hit the frilled lizard.
You kill the frilled lizard!
No target in view!
You enter the shallow water.
Moving in this stuff is going to be slow.
A frilled lizard comes into view.
The frilled lizard hisses angrily.
You hear an angry hiss.
A frilled lizard comes into view.
An adder comes into view. x2
You miss the adder.
The adder hisses angrily.
The adder bites you.
You miss the adder. The adder misses you.
You hit the adder.
The adder is moderately wounded.
The adder bites you but does no damage. The frilled lizard bites you.
The frilled lizard barely misses you. The adder bites you but does no damage.
The frilled lizard closely misses you. The adder bites you.
The adder completely misses you.
The frilled lizard bites you but does no damage.
The adder closely misses you. The adder bites you. x2
You are poisoned.
The adder poisons you!
You feel very sick. The adder bites you. x2
* * * LOW HITPOINT WARNING * * *
You are more poisoned.
The adder poisons you! The adder barely misses you.
You die...

#.≈≈≈.# #≈≈≈≈.#
#≈≈≈≈.# ≈##≈≈≈≈≈#
≈≈#≈≈≈≈≈#
≈≈≈≈≈≈≈l#
≈≈≈≈≈lSS#
≈≈≈≈≈≈≈≈#
≈≈≈≈≈≈≈@#
≈≈≈≈≈≈≈≈≈#
≈≈≈≈≈≈≈≈≈≈≈≈≈≈≈≈≈#
≈≈≈≈≈≈≈≈≈≈≈≈.≈≈≈≈#
≈≈≈≈≈≈≈≈≈≈≈≈.≈≈≈.#
≈≈≈≈≈≈≈≈≈≈..≈≈≈≈.#
≈≈≈≈≈≈≈≈≈≈≈≈≈≈≈≈.#
≈≈≈≈≈≈≈≈≈≈≈≈≈≈≈≈.#
≈≈≈≈≈≈≈≈≈≈≈≈≈≈≈..#


You could see 2 adders and 2 frilled lizards.

Vanquished Creatures
  A river rat (D:4)
  3 giant cockroaches (Sewer)
  3 frilled lizards (Sewer)
7 creatures vanquished.

Notes
Turn   | Place    | Note
-------+----------+-------------------------------------------
     0 | D:5      | hawla the Deep Elf Delver began the quest for the Orb.
     0 | D:5      | Reached XP level 1. HP: 13/13 MP: 3/3
    29 | D:4      | Found a glowing drain.
    34 | D:4      | Reached XP level 2. HP: 18/18 MP: 4/4
    40 | Sewer    | Entered a sewer
   390 | Sewer    | Succumbed to an adder's poison

Illustrated notes

Levels and vault maps discovered:
D:4:      layout_basic, portal_sewer_entry_b, uniq_menkaure
D:5:      layout_basic, mainiacjoe_overflow_alcove_3, serial_co_window_serial,
          co_window_paths_a, co_window_of_opportunity_a, co_window_corner_a,
          co_window_paths_a, co_window_of_opportunity_a,
          co_window_of_opportunity_b, co_window_broadway_a,
          co_window_unsneaky_path_e, co_window_broadway_c,
          co_window_of_opportunity_b, glass_columns_a, glass_columns_a,
          glass_columns_a, minmay_mini_ossuary, uniq_grinder
Sewer:    sewer_frog_island_01

Action                   || total
-------------------------++-------
Melee: Short sword       ||    34
  Use: Scroll            ||     1
 Stab: Sleeping          ||     1
Armor: Leather armour    ||    12
Dodge: Dodged            ||    26
